Map: Central Protocol

Players

Eee - Winner!

  • Race: Zerg Zerg
  • League: Silver

Miltreta

  • Race: Terran Terran
  • League: Bronze

VOD

Have the link to the VOD?

Description

Time

  • Played on: March 10, 2016, 7:29 a.m.
  • Length: 32:07
Show
View Real Time Build Order
Export as new Build Order

Eee Zerg - Winner!

Build Orders: Hatch First, Muta Ling Bane 

Get SALT Encoding   

  12  0:01  Drone  
  13  0:08  Drone  
  13  0:13  Extractor  
  13  0:17  Drone  
  15  0:23  Overlord  
  15  0:49  Hatchery  
  14  1:02  Spawning Pool  
  13  1:06  Drone  
  13  1:09  Drone  
  15  1:13  Drone  
  15  1:18  Drone  
  17  1:28  Overlord  
  17  1:42  Drone  
  18  2:04  Queen x2  
  18  2:07  Drone x3  
  25  2:12  Drone x2  
  27  2:22  Overlord  
  27  2:29  Drone  
  28  2:35  Overlord  
  28  2:40  Drone  
  29  2:50  Queen x2  
  33  2:58  Drone x4  
  37  3:11  Drone, Overlord  
  38  3:18  Drone  
  38  3:19  Drone x7  
  46  3:46  Spine Crawler x2  
  46  3:47  Drone  
  46  3:48  Spine Crawler, Drone x3  
  47  3:57  Extractor  
  47  3:58  Extractor  
  45  4:26  Spore Crawler  
  45  4:28  Queen x2  
  48  4:52  Extractor  
  47  4:53  Extractor  
  47  4:59  Overlord  
  46  5:00  Overlord x2  
  46  5:03  Queen  
  48  5:19  Lair  
  48  5:21  Metabolic Boost  
  48  5:30  Baneling Nest  
  48  5:34  Spore Crawler  
  46  5:39  Queen, Drone  
  46  5:40  Drone x15  
  64  6:15  Queen  
  64  6:17  Overlord x2  
  66  6:23  Centrifical Hooks  
  66  6:25  Spire  
  65  6:50  Queen  
  67  7:01  Pneumatized Carapace  
  67  7:02  Infestation Pit  
  67  7:03  Overseer  
  66  7:10  Overseer  
  66  7:26  Queen  
  68  7:44  Zerg Flyer Weapons Level 1  
  68  7:48  Hive  
  68  7:55  Hatchery  
  67  8:09  Mutalisk  
  67  8:10  Mutalisk x7  
  83  9:06  Extractor x2  
  82  9:24  Zergling x8  
  82  9:25  Zergling x42  
  106  9:31  Overlord  
  106  9:32  Overlord x3  
  67  10:29  Queen x3  
  73  10:36  Zergling x6  
  73  10:37  Zergling x42  
  97  11:00  Mutalisk x6  
  109  11:28  Baneling  
  109  11:29  Baneling x7  
  109  11:30  Baneling x7  
  109  11:31  Baneling x7  
  109  11:32  Baneling x7  
  109  11:33  Baneling x7  
  109  11:34  Baneling x6  
  109  11:35  Baneling x6  
  109  11:40  Adrenal Glands  
  60  12:57  Mutalisk x6  
  60  12:58  Mutalisk x7  
  74  12:59  Mutalisk  
  88  13:27  Hatchery  
  84  14:08  Hatchery  
  83  14:36  Zergling x28  
  83  14:37  Zergling x26  
  110  14:56  Drone x3  
  113  15:05  Baneling  
  113  15:06  Baneling x8  
  113  15:07  Baneling x6  
  113  15:08  Baneling x7  
  113  15:09  Baneling x6  
  113  15:10  Baneling x7  
  113  15:11  Baneling x7  
  113  15:12  Baneling x6  
  113  15:13  Baneling x6  
  95  16:05  Drone  
  95  16:06  Drone x15  
  95  16:07  Drone x7  
  118  17:09  Mutalisk  
  118  17:10  Mutalisk x7  
  118  17:11  Mutalisk x6  
  118  17:12  Mutalisk  
  148  17:55  Greater Spire  
  148  18:43  Burrow  
  148  18:52  Overlord  
  148  18:53  Overlord x5  
  148  19:01  Extractor x2  
  146  19:10  Extractor  
  146  19:11  Extractor  
  140  20:23  Infestor  
  140  20:24  Infestor x6  
  140  20:25  Infestor x7  
  140  20:26  Infestor x7  
  140  20:27  Infestor x3  
  183  23:31  Overseer  
  183  24:37  Infestor x20  
  141  26:40  Overseer  
  141  27:21  Hatchery  
  140  27:34  Zerg Flyer Armor Level 1  
  140  27:41  Hatchery  
  139  27:49  Hatchery  
  138  28:05  Hatchery  
  138  28:10  Hatchery  
  136  28:16  Zergling x2  
  136  28:17  Hatchery, Zergling x46  
  136  28:18  Zergling x24  
  167  28:41  Zergling x24  
  168  28:42  Zergling x18  
  168  28:48  Baneling x6  
  186  28:49  Baneling x7  
  186  28:50  Baneling x7  
  186  28:51  Baneling x7  
  186  28:52  Baneling x6  
  186  28:53  Baneling x7  
  186  28:54  Baneling x7  
  186  28:55  Baneling x7  
  186  28:56  Baneling x6  
  186  28:57  Baneling x2  
  186  29:02  Queen  
  186  29:24  Baneling x54  
  186  29:25  Baneling x8  
  135  29:52  Zergling x12  
  131  29:53  Zergling x56  
  131  29:54  Zergling x28  
  148  30:36  Baneling  
  148  30:37  Baneling x6  
  148  30:38  Baneling x7  
  148  30:39  Baneling x6  
  148  30:40  Baneling x7  
  148  30:41  Baneling x6  
  148  30:42  Baneling x6  
  148  30:43  Baneling x6  
  148  30:44  Baneling x7  
  148  30:45  Baneling x6  
  148  30:46  Baneling x6  
  148  30:47  Baneling x6  
  148  30:48  Baneling x6  
  148  30:49  Baneling x3  
  148  31:04  Queen  
  148  31:05  Queen x7  
Show
View Real Time Build Order
Export as new Build Order

Miltreta Terran 

Build Orders:  

Get SALT Encoding   

  12  0:01  SCV  
  14  0:21  SCV, Supply Depot  
  14  0:33  SCV  
  15  0:38  Supply Depot  
  15  1:00  Barracks  
  15  1:07  Refinery  
  15  1:14  SCV  
  15  1:15  Supply Depot  
  16  1:26  SCV  
  17  1:39  Supply Depot  
  17  1:43  SCV  
  18  1:52  Marine  
  19  1:55  SCV  
  20  2:05  Bunker  
  21  2:08  SCV  
  21  2:10  Marine  
  21  2:12  Refinery  
  22  2:17  Engineering Bay  
  22  2:23  SCV  
  23  2:30  Marine  
  24  2:38  SCV  
  25  2:48  Command Center  
  25  2:51  Reaper  
  26  3:11  Orbital Command  
  26  3:13  Terran Infantry Weapons Level 1  
  26  3:30  Missile Turret  
  26  3:39  Barracks Tech Lab  
  26  3:44  SCV  
  27  4:06  Supply Depot  
  27  4:07  Orbital Command  
  27  4:11  Marine  
  27  4:13  Combat Shields  
  28  4:20  Barracks  
  28  4:25  Factory  
  28  4:36  Marine  
  29  4:54  Marine  
  30  5:05  Missile Turret  
  30  5:11  Missile Turret  
  30  5:13  Armory, Widow Mine  
  32  5:16  Barracks Reactor  
  32  5:20  Marauder  
  34  5:35  Engineering Bay  
  34  5:41  Widow Mine, Marauder  
  38  5:45  Starport, SCV  
  38  5:46  SCV  
  40  5:57  SCV  
  41  6:13  Marine x2  
  41  6:16  Marauder  
  45  6:19  Command Center  
  45  6:20  Factory Tech Lab  
  45  6:37  Medivac, Marauder  
  49  6:43  Marine x2  
  51  7:01  SCV  
  52  7:02  SCV  
  52  7:07  Medivac  
  55  7:30  Marauder  
  55  7:33  Thor  
  63  7:38  Marine  
  63  7:39  Marine  
  65  7:52  Marauder  
  65  7:56  Marine  
  68  8:10  Missile Turret  
  68  8:13  Marauder  
  68  8:14  Missile Turret  
  68  8:15  Missile Turret  
  68  8:16  Thor  
  76  8:32  Marine x2  
  78  8:34  Marauder  
  80  8:43  Medivac  
  80  8:48  SCV  
  83  8:49  Supply Depot  
  83  8:51  SCV  
  83  8:52  SCV  
  85  9:10  Cyclone, SCV x3  
  85  9:13  Medivac  
  93  9:34  Supply Depot  
  93  9:35  Supply Depot  
  93  9:55  SCV x3  
  92  10:06  Hellion  
  75  10:16  Marine x2  
  74  10:21  Marine  
  74  10:27  Hellion  
  67  10:48  Cyclone  
  70  11:01  Refinery  
  70  11:02  Factory  
  70  11:03  Refinery  
  63  11:29  SCV x2  
  65  11:41  Missile Turret  
  64  12:05  Missile Turret  
  49  12:37  Factory Tech Lab  
  7  12:52  Thor  
  15  12:58  Hellbat  
  15  13:02  Viking  
  17  13:05  Marine  
  17  13:06  Marine x2  
  22  13:20  Hellbat  
  22  13:23  Marine  
  23  13:31  Mag-Field Accelerator  
  23  13:32  Viking  
  25  13:34  Thor  
  30  14:03  Marine x2  
  30  14:04  Marine  
  33  14:13  SCV  
  34  14:23  SCV  
  35  14:35  SCV  
  36  14:47  SCV  
  36  14:49  Widow Mine x2  
  41  14:54  Stimpack  
  41  15:06  SCV  
  41  15:07  SCV x2  
  44  15:15  Infernal Pre-Igniter  
  44  15:16  Drilling Claws  
  44  15:18  SCV  
  44  15:19  SCV x2  
  25  16:12  Widow Mine  
  25  16:13  Widow Mine  
  29  16:24  Marine  
  29  16:25  Marine  
  31  16:27  Marine  
  32  16:41  Thor, SCV  
  32  16:42  Thor, SCV  
  32  16:43  SCV  
  32  16:45  Marauder  
  46  16:55  Concussive Shells  
  46  17:06  Starport Tech Lab  
  46  17:25  Cyclone  
  46  17:27  Marine  
  46  17:28  Marine x2  
  52  17:37  SCV  
  52  17:40  SCV  
  54  17:45  Marine  
  55  17:52  SCV  
  55  17:54  Missile Turret  
  55  17:58  Missile Turret  
  56  18:02  Missile Turret  
  56  18:41  Marine  
  56  18:42  Marine x2  
  59  18:50  Thor  
  59  18:51  Thor  
  71  18:59  Marine x2  
  76  19:12  Medivac  
  71  20:41  Banshee  
  73  21:10  Refinery  
  73  21:16  SCV x2  
  75  21:24  Banshee  
  78  21:30  Cloaking Field  
  78  21:39  Marine  
  79  21:40  Marine x2  
  81  21:57  Marine x2  
  81  21:59  Cyclone x2  
  89  22:09  Medivac  
  91  22:39  Medivac  
  93  22:50  Missile Turret  
  93  22:57  Missile Turret  
  93  23:38  Thor  
  99  23:44  Supply Depot  
  99  23:46  Supply Depot  
  99  23:49  Thor  
  83  25:46  Thor x2  
  95  26:14  Marine x2  
  99  26:18  Marauder  
  99  26:29  Thor x2  
  111  27:07  Raven  
  113  27:12  Hellion  
  113  27:13  Hellion  
  117  27:21  Marine  
  117  27:22  Marine  
  119  27:26  Marauder  
  121  27:33  Thor  
  127  27:49  Raven  
  129  28:52  Marine  
  129  28:53  Marine x2  
  132  29:10  Marine x2  
  132  29:11  Marine  
  132  29:12  Cyclone  
  132  29:13  Cyclone  
  141  29:28  Marine x2  
  143  29:44  Thor  
  57  30:26  Thor  
  61  30:35  Marine  
  59  30:36  Marine x2  
  62  30:53  Marine  
  63  31:18  Refinery  
  63  31:22  Refinery  
Tags
 
Add a new tag
Caveats
  • Supply blocks, unpowered buildings, or Contaminate may cause inaccurate times.
  • Supply counts are checked every 10 seconds.